 Dungeon Crawl Stone Soup version 0.26-a0-651-gb41185065b (webtiles) character file.

Game seed: 3232927881804196607

103 Flugslaktarn the Shield-Bearer (level 4, -6/42 HPs)
             Began as a Deep Dwarf Fighter on Oct 6, 2020.
             Mangled by an ogre
             ... wielding a +0 giant club
              (26 damage)
             ... on level 4 of the Dungeon.
             The game lasted 00:00:27 (461 turns).

Flugslaktarn the Shield-Bearer (Deep Dwarf Fighter)  Turns: 461, Time: 00:00:27

Health: -6/42      AC:  7    Str: 21    XL:     4   Next: 51%
Magic:  3/3        EV:  7    Int:  8    God:
Gold:   82         SH:  9    Dex: 12    Spells: 3/3 levels left

rFire    . . .     SeeInvis .   a - +0 war axe
rCold    . . .     Faith    .   c - +0 kite shield
rNeg     . . .     Spirit   .   b - +0 scale mail
rPois    .         Reflect  .   (no helmet)
rElec    .         Harm     .   (no cloak)
rCorr    .         Rampage  .   (no gloves)
MR       .....                  (no boots)
Stlth    ..........             (no amulet)
HPRegen  0.00/turn              (no ring)
MPRegen  0.08/turn              (no ring)

@: non-regenerating
A: damage resistance, heal wounds, sense surroundings 1, no regeneration
a: Heal Wounds


You were on level 4 of the Dungeon.
You visited 1 branch of the dungeon, and saw 4 of its levels.

You collected 82 gold pieces.

Inventory:

Hand Weapons
 a - a +0 war axe (weapon)
Armour
 b - a +0 scale mail (worn)
 c - a +0 kite shield (worn)
Jewellery
 e - an uncursed amulet of reflection {unknown}
   (You found it on level 2 of the Dungeon)
Scrolls
 h - a scroll of teleportation {unknown}
 i - 3 scrolls of remove curse {unknown}
 j - a scroll of identify {unknown}
 n - a scroll of enchant weapon {unknown}
Potions
 d - a potion of might
 f - a potion of haste {unknown}
 g - a potion of berserk rage {unknown}
 k - a potion of heal wounds {unknown}
 l - a potion of degeneration {unknown}
 m - a potion of mutation {unknown}


   Skills:
 * Level 3.5 Fighting
 * Level 3.5 Axes
 + Level 3.7 Armour
 + Level 3.8 Shields


You had 3 spell levels left.
You didn't know any spells.
Your spell library was empty.

Dungeon Overview and Level Annotations

Branches:
Dungeon (4/15)             Temple (0/1) D:4

Altars:

Shops:
D:4 (


Innate Abilities, Weirdness & Mutations

You are resistant to damage.
You can heal yourself by infusing magical energy.
You passively map a small area around you.
You do not regenerate.


Message History

The ogre hits you with a +0 giant club!
You slash the ogre!
The ogre is severely wounded.
The ogre hits you with a +0 giant club.
You hit the ogre.
The ogre is almost dead.
The ogre barely misses you. The ogre hits you with a +0 giant club!
* * * LOW HITPOINT WARNING * * *
You feel much better.
Your magical essence is drained by the effort!
You feel much better. You block the ogre's attack.
You barely miss the ogre.
The ogre is almost dead.
The ogre hits you with a +0 giant club!!
Ouch! That really hurt!
You hit the ogre.
The ogre is almost dead.
The ogre hits you with a +0 giant club!!
Ouch! That really hurt!
You die...

* * ###.# # #.#.# * #
#.#.# , # ####.#.# *
# ##.##.#.# #
#######.#.#.#.#
######.^....###..#.##
, .......###.##
##..#.######
###.#####.##
#@###.....# , # #.##
##.## #.O#.####.# #
#..#
##.###.##..≈≈≈..# #
♣..♣ ##.#..##.≈§§≈≈.#
#♣PP.♣
#♣♣..♣.≈≈§§§§≈# *
♣♣P.♣♣ ♣....§§≈>≈§≈..
♣)P.♣ *
**♣P..♣.≈≈§§§§§.# *
♣.P.P
.....♣..≈§§§≈..#
♣♣♣P., .♣PP
♣#..≈§≈..##


You could see an ogre.

Vanquished Creatures
  An ogre (D:4)
  A dart slug (D:1)
  4 orcs (D:3)
  2 goblins
  A hobgoblin (D:1)
  A kobold (D:2)
  A quokka (D:2)
  2 bats
  A frilled lizard (D:3)
  2 rats
16 creatures vanquished.

Notes
Turn   | Place    | Note
-------+----------+-------------------------------------------
     0 | D:1      | Flugslaktarn the Deep Dwarf Fighter began the quest for the
                  | Orb.
     0 | D:1      | Reached XP level 1. HP: 20/20 MP: 1/1
   133 | D:2      | Reached XP level 2. HP: 20/27 MP: 2/2
   313 | D:4      | Found Fur Fuogg's Antique Weapon Emporium.
   321 | D:4      | Noticed an ogre
   333 | D:4      | Killed an ogre
   333 | D:4      | Reached XP level 3. HP: 34/34 MP: 3/3
   333 | D:4      | Reached XP level 4. HP: 42/42 MP: 4/4
   433 | D:4      | Found a staircase to the Ecumenical Temple.
   440 | D:4      | Noticed an ogre
   450 | D:4      | HP: 1/42 [ogre/+0 giant club (25)]
   461 | D:4      | Mangled by an ogre

Illustrated notes

Levels and vault maps discovered:
D:1:      lightli_arrival_flooded_house, layout_loops_ring, feat_on_display
D:2:      layout_rooms, trog_book
D:3:      layout_basic, kennysheep_nondescript,
          grunt_dithmenos_smoke_and_mirrors
D:4:      wad_river_or_something, layout_loops_ring, minmay_temple_entry_mist,
          serial_shops, shop, serial_forest, infiniplex_forest_end_2,
          infiniplex_forest_straight_4, infiniplex_forest_straight_1,
          infiniplex_forest_corner_1, infiniplex_forest_zigzag_1,
          infiniplex_forest_end_1

Skill      XL: |  1  2 |
---------------+-------+-----
Fighting       | 3 |  3.5
Axes           | 3 |  3.5
Armour         | |  3.7
Shields        | |  3.8

Action                   |  1- 3 |  4- 6 || total
-------------------------+-------+-------++-------
Melee: War axe           |    39 |     9 ||    48
 Abil: Heal Wounds       |     2 |     4 ||     6
Armor: Scale mail        |    12 |       ||    12
Dodge: Dodged            |    12 |     4 ||    16
Block: Kite shield       |    18 |     2 ||    20

Table legend: (Time is in decaauts)
 A = Elapsed time spent in this place.
 B = Non-inter-level travel time spent in this place.
 C = Inter-level travel time spent in this place.
 D = Time resting spent in this place.
 E = Time spent auto-exploring this place.
 F = Levels seen in this place.
 G = Mean time per level.
                   A        B        C        D        E       F      G
               +--------+--------+--------+--------+--------+-----+--------+
         Total |    483 |    423 |     60 |      0 |    286 |   4 |  120.8 |
       Dungeon |    483 |    423 |     60 |      0 |    286 |   4 |  120.8 |
               +--------+--------+--------+--------+--------+-----+--------+

Top non-repeatable levels by time:
     D:4: 165 daAuts
     D:2: 142 daAuts
     D:3: 123 daAuts
     D:1: 52 daAuts
